Map: Frozen Temple

Players

Miszu - Winner!

  • Race: Terran Terran
  • League: Master

Chabby

  • Race: Protoss Protoss
  • League: Grandmaster

VOD

Have the link to the VOD?

Description

Time

  • Played on: April 25, 2016, 5:02 p.m.
  • Length: 10:35
Show
View Real Time Build Order
Export as new Build Order

Miszu Terran - Winner!

Build Orders: Command Center First (CC), MMM Bio 

Get SALT Encoding   

  12  0:03  SCV  
  13  0:15  SCV  
  13  0:19  Supply Depot  
  14  0:28  SCV  
  15  0:41  SCV  
  16  0:53  SCV  
  17  1:00  Command Center  
  17  1:05  SCV  
  18  1:17  SCV  
  18  1:18  Barracks  
  19  1:29  SCV  
  19  1:32  Barracks  
  20  1:41  SCV  
  21  1:47  Barracks  
  21  1:55  SCV  
  22  2:06  Marine  
  22  2:07  Orbital Command  
  23  2:12  Bunker  
  23  2:20  Marine  
  24  2:24  Marine  
  24  2:28  Orbital Command  
  25  2:33  SCV  
  25  2:34  Marine  
  27  2:42  Supply Depot  
  26  2:51  Marine  
  26  2:52  Marine, SCV  
  26  2:55  Refinery  
  29  3:00  Refinery  
  29  3:01  Marine  
  30  3:09  Marine  
  30  3:11  Marine  
  32  3:18  Marine  
  32  3:24  SCV  
  33  3:27  Marine  
  33  3:30  Barracks Tech Lab, Orbital Command  
  33  3:32  Supply Depot  
  34  3:36  Marine  
  34  3:37  SCV  
  36  3:45  Marine  
  37  3:49  Supply Depot  
  37  3:51  Marauder, Stimpack  
  37  3:54  SCV  
  41  3:58  SCV  
  42  4:04  Barracks Tech Lab  
  42  4:05  Barracks Tech Lab  
  41  4:12  Marauder  
  41  4:13  SCV  
  44  4:20  Supply Depot, SCV  
  44  4:23  Marauder  
  44  4:24  Marauder  
  49  4:25  SCV  
  50  4:33  SCV, Concussive Shells  
  50  4:34  Marauder  
  50  4:36  Bunker  
  53  4:45  Marauder  
  57  4:46  Marauder  
  57  4:53  Engineering Bay  
  57  4:56  SCV  
  57  4:57  SCV  
  59  5:09  SCV x2  
  61  5:15  Supply Depot  
  61  5:19  Missile Turret  
  61  5:21  SCV, Missile Turret  
  61  5:22  SCV  
  58  5:29  Missile Turret  
  58  5:36  Missile Turret  
  54  5:43  Missile Turret  
  53  5:50  Marine x2  
  53  5:51  Marauder  
  53  5:55  SCV x2  
  53  5:56  Factory  
  59  6:07  SCV  
  59  6:08  Missile Turret  
  61  6:12  Orbital Command  
  61  6:13  Terran Infantry Weapons Level 1  
  60  6:20  Marauder  
  61  6:30  Supply Depot  
  61  6:31  Marauder  
  62  6:45  Starport, Factory Reactor  
  62  6:52  SCV x2  
  62  6:53  Bunker  
  64  6:54  Supply Depot  
  62  7:04  SCV  
  62  7:05  Marauder x2  
  68  7:09  SCV  
  68  7:11  Refinery  
  69  7:16  SCV  
  69  7:17  Supply Depot  
  69  7:18  Supply Depot  
  69  7:23  Barracks Reactor  
  69  7:25  Barracks  
  69  7:30  Medivac x2, Barracks  
  69  7:33  SCV  
  69  7:34  SCV  
  69  7:35  Factory Reactor  
  75  7:38  Marauder  
  75  7:39  Marine  
  78  7:45  SCV  
  78  7:48  Supply Depot  
  78  7:50  Supply Depot  
  80  7:57  Marauder  
  81  7:59  Refinery, Marauder  
  81  8:00  Marine x2  
  81  8:02  Medivac  
  87  8:07  Medivac  
  87  8:12  Supply Depot x2  
  89  8:16  Marauder  
  89  8:18  Barracks Reactor, Marine  
  91  8:24  Marauder  
  93  8:28  Marine, Marauder, Widow Mine  
  93  8:29  Widow Mine  
  100  8:36  Liberator  
  100  8:42  Medivac  
  100  8:44  Marine  
  100  8:45  Marine, Marauder  
  109  9:02  Combat Shields  
  109  9:08  Marine  
  109  9:09  Marine, Marauder  
  113  9:10  Command Center  
  113  9:15  Marine, Marauder  
  116  9:18  Liberator  
  116  9:22  Marauder, Widow Mine  
  120  9:35  Marauder  
  125  9:49  Marine  
  126  10:07  Marine x3  
  126  10:10  Marauder  
  126  10:11  Marauder  
  126  10:13  Marauder  
Show
View Real Time Build Order
Export as new Build Order

Chabby Protoss 

Build Orders: Dark Templar Rush 

Get SALT Encoding   

  12  0:01  Probe (Chrono Boost)  
  13  0:11  Probe (Chrono Boost)  
  14  0:17  Pylon  
  14  0:22  Probe (Chrono Boost)  
  15  0:36  Probe (Chrono Boost)  
  15  0:39  Gateway  
  16  0:49  Probe (Chrono Boost), Assimilator  
  17  0:58  Pylon  
  17  1:03  Probe (Chrono Boost)  
  18  1:16  Probe (Chrono Boost)  
  19  1:26  Cybernetics Core  
  19  1:28  Probe (Chrono Boost)  
  19  1:29  Assimilator  
  20  1:35  Zealot (Chrono Boost)  
  22  1:40  Probe  
  23  1:51  Pylon  
  24  2:01  Stalker (Chrono Boost)  
  24  2:04  Mothership Core (Chrono Boost)  
  27  2:11  Gateway  
  27  2:14  Warp Gate  
  27  2:23  Probe (Chrono Boost)  
  28  2:31  Stalker  
  28  2:34  Probe (Chrono Boost)  
  31  2:48  Probe (Chrono Boost)  
  30  2:57  Twilight Council  
  30  2:59  Gateway  
  32  3:06  Stalker (Chrono Boost)  
  32  3:12  Pylon  
  32  3:33  Dark Shrine  
  34  3:35  Stalker (Chrono Boost)  
  34  3:42  Stalker (Chrono Boost)  
  34  3:48  Pylon  
  36  3:53  Probe  
  37  4:05  Blink (Chrono Boost)  
  37  4:28  Nexus  
  37  4:36  Pylon  
  37  4:37  Pylon  
  37  4:45  Gateway  
  37  4:48  Dark Templar  
  39  4:56  Dark Templar  
  37  5:22  Probe  
  37  5:26  Dark Templar  
  40  5:34  Probe  
  39  5:50  Probe  
  39  5:53  Probe  
  39  5:54  Robotics Facility  
  41  6:02  Probe  
  41  6:03  Probe  
  42  6:04  Resonating Glaives (Chrono Boost)  
  42  6:05  Assimilator x2  
  42  6:09  Pylon  
  43  6:14  Probe  
  43  6:16  Probe  
  45  6:26  Gateway, Probe  
  45  6:27  Probe  
  47  6:34  Adept x3  
  47  6:37  Probe  
  47  6:38  Probe  
  55  6:46  Immortal (Chrono Boost)  
  59  6:48  Probe  
  60  6:55  Dark Templar  
  60  7:06  Adept x2  
  62  7:10  Gateway  
  62  7:21  Immortal (Chrono Boost), Probe  
  67  7:27  Adept  
  69  7:35  Pylon x2  
  69  7:46  Pylon  
  69  7:48  Pylon  
  69  7:55  Adept, Warp Prism (Chrono Boost)  
  73  8:00  Adept  
  75  8:08  Templar Archives  
  75  8:09  Probe  
  75  8:11  Adept  
  78  8:13  Probe  
  77  8:23  Adept, Dark Templar  
  77  8:25  Adept  
  83  8:29  Archon  
  83  8:31  Dark Templar  
  85  8:40  Immortal (Chrono Boost)  
  85  8:43  Psionic Storm  
  89  8:56  High Templar  
  89  9:00  Pylon  
  89  9:01  Pylon, Probe  
  89  9:02  High Templar  
  94  9:08  Adept  
  96  9:22  High Templar, Adept  
  100  9:25  Observer  
  100  9:26  Gateway  
  100  9:29  Pylon  
  100  9:30  Adept  
  103  9:31  Adept  
  105  9:42  Immortal  
  109  9:55  Adept x3  
  115  10:00  Dark Templar  
Tags
 
Add a new tag
Caveats
  • Supply blocks, unpowered buildings, or Contaminate may cause inaccurate times.
  • Supply counts are checked every 10 seconds.